 Dungeon Crawl Stone Soup version 0.31-a0-1068-g5939ac1fb6 (webtiles) character file.

Game seed: 7668125985619426768

29 Chiseanne the Cutter (level 3, 28/28 HPs)
             Began as a Demonspawn Wanderer on Nov 24, 2023.
             Quit the game on level 2 of the Dungeon.
             The game lasted 00:02:10 (825 turns).

Chiseanne the Cutter (Demonspawn Wanderer)           Turns: 825, Time: 00:02:11

Health: 28/28      AC:  3    Str: 11    XL:     3   Next: 1%
Magic:  4/4        EV: 12    Int: 11    God:
Gold:   39         SH:  0    Dex: 17    Spells: 3/4 levels left

rFire   . . .        a - +1 dagger (speed)
rCold   + . .        (no shield)
rNeg    . . .        d - +0 robe
rPois   .            (helmet restricted)
rElec   .            (no cloak)
rCorr   .            (no gloves)
SInv    .            b - +0 pair of boots
Will    .....        (no amulet)
Stlth   ++           i - ring of protection from cold
HPRegen 0.24/turn    (no ring)
MPRegen 0.09/turn

%: no passive effects
@: no status effects
A: antennae 1, spiny 1
a: no special abilities


You were on level 2 of the Dungeon.
You visited 1 branch of the dungeon, and saw 2 of its levels.

You collected 39 gold pieces.

Inventory:

Hand Weapons
 a - a +1 dagger of speed (weapon)
 s - a +2 short sword
Missiles
 e - 21 stones
Armour
 b - a +0 pair of boots (worn)
 d - a +0 robe (worn)
Jewellery
 i - a ring of protection from cold (left hand)
Scrolls
 c - a scroll of fear
Potions
 f - a potion of degeneration {unknown}
 g - a potion of mutation
 h - a potion of heal wounds {unknown}


   Skills:
 * Level 2.8 Fighting
 - Level 3.6 Short Blades
 * Level 1.6 Dodging
 - Level 1.7 Stealth
 - Level 1.0 Spellcasting
 - Level 1.0 Ice Magic


You had 3 spell levels left.
You knew the following spells:

 Your Spells              Type           Power      Damage    Failure   Level
a - Freeze                Ice            8%         1d3       22%         1

Your spell library contained the following spells:

 Spells                   Type           Power      Damage    Failure   Level
 Frozen Ramparts          Ice            4%         1d1       54%         3


Dungeon Overview and Level Annotations

Branches:
Dungeon (2/15)

Altars:

Annotations:
D:1 exclusion: door


Innate Abilities, Weirdness & Mutations

You have a pair of small antennae on your head.
You are partially covered in sharp spines.


Message History

The goblin is severely wounded.
You hit the goblin.
You kill the goblin!
The goblin throws a stone.
The stone barely misses you. The goblin hits you but does no damage.
You see here 7 stones.
You hit the goblin.
You kill the goblin!
e - 14 stones (gained 6)
e - 21 stones (gained 7) Done exploring.
There is an open door here.
Okay, then.
There is an open door here.
There is a staircase leading out of the dungeon here.
Things that are here:
a +0 mace; a kobold corpse
There is an open door here.
There is a stone staircase leading down here.
You climb downwards.
There is a stone staircase leading up here.
A giant cockroach comes into view.
The giant cockroach moves out of view.
A giant cockroach is nearby!
You hit the giant cockroach.
The giant cockroach is moderately wounded.
You hit the giant cockroach.
The giant cockroach is almost dead.
The giant cockroach closely misses you.
You hit the giant cockroach but do no damage.
The giant cockroach is almost dead.
The giant cockroach bites you but does no damage.
You hit the giant cockroach.
You kill the giant cockroach!
You have reached level 3!
Your experience leads to an increase in your attributes!
Increase (s)trength, (i)ntelligence, or (d)exterity?
You feel stronger. x2; Your demonic ancestry asserts itself...
A pair of antennae grows on your head!
Are you sure you want to abandon this character and quit the game? (Confirm with "yes".)

.. .#
##.###
......
####...#
#......+
###.#..†.#
#.....@..#
#.#.##...#
#.#......#
#.####...#
#.# #...#
#.# #####
#.# #.#
#.#


There were no monsters in sight!

Vanquished Creatures
  6 endoplasms (D:1)
  A giant cockroach (D:2)
  5 goblins (D:1)
  4 hobgoblins (D:1)
  2 kobolds (D:1)
  A quokka (D:1)
  2 bats (D:1)
  2 frilled lizards (D:1)
23 creatures vanquished.

Notes
Turn   | Place    | Note
-------+----------+-------------------------------------------
     0 | D:1      | Chiseanne the Demonspawn Wanderer began the quest for the
                  | Orb.
     0 | D:1      | Chiseanne set off with the following items: a +2 short
                  | sword, a +0 pair of boots, a scroll of fear, a +0 robe; and
                  | the following spell memorised: Freeze; and the following
                  | spells available to memorise: Frozen Ramparts.
     0 | D:1      | Reached XP level 1. HP: 16/16 MP: 2/2
   191 | D:1      | Reached skill level 1 in Dodging
   191 | D:1      | Gained mutation: You are partially covered in sharp spines.
                  | [demonic ancestry]
   191 | D:1      | Reached XP level 2. HP: 8/23 MP: 3/3
   312 | D:1      | Found a faded altar of an unknown god.
   825 | D:2      | Gained mutation: You have a pair of small antennae on your
                  | head. [demonic ancestry]
   825 | D:2      | Reached XP level 3. HP: 28/28 MP: 4/4
   825 | D:2      | Quit the game

Illustrated notes

Levels and vault maps discovered:
D:1:      dpeg_arrival_morbid_curiosity, layout_basic,
          shapermc_ecumenical_altar_mp_urbaneastern
D:2:      layout_basic, basic_altar, guppyfry_early_orc_mine

Skill      XL: |  1 |
---------------+----+-----
Dodging        | 1 |  1.6
Fighting       | |  2.8
Short Blades   | |  3.6
Stealth        | |  1.7
Spellcasting   | |  1.0
Ice Magic      | |  1.0

Action                     || total
---------------------------++-------
  Melee: Short sword       ||    44
         Dagger            ||    16
    Use: Scroll            ||     3
   Stab: Sleeping          ||     4
 Armour: Robe              ||    16
  Dodge: Dodged            ||    26

Table legend: (Time is in decaauts)
 A = Elapsed time spent in this place.
 B = Non-inter-level travel time spent in this place.
 C = Inter-level travel time spent in this place.
 D = Time resting spent in this place.
 E = Time spent auto-exploring this place.
 F = Levels seen in this place.
 G = Mean time per level.
                   A        B        C        D        E       F      G
               +--------+--------+--------+--------+--------+-----+--------+
         Total |    809 |    769 |     40 |     58 |    519 |   2 |  404.5 |
       Dungeon |    809 |    769 |     40 |     58 |    519 |   2 |  404.5 |
               +--------+--------+--------+--------+--------+-----+--------+

Top non-repeatable levels by time:
     D:1: 791 daAuts
     D:2: 18 daAuts
